 Dungeon Crawl Stone Soup version 0.30.1-3-gfc49f6343a (webtiles) character file.

Game seed: 6340026119406460154

6 Zeor the Caller (level 1, 0/7 HPs)
             Began as a Felid Summoner on Aug 3, 2023.
             Slain by a quokka (5 damage)
             ... on level 1 of the Dungeon.
             The game lasted 00:03:09 (212 turns).

Zeor the Caller (Felid Summoner)                     Turns: 212, Time: 00:03:09

Health: 0/7        AC:  1    Str:  4    XL:     1   Next: 75%
Magic:  3/4        EV: 17    Int: 16    God:
Gold:   16         SH:  0    Dex: 16    Spells: 3/4 levels left
                                        Lives:  0   Deaths: 0

rFire   . . .        (weapon unavailable)
rCold   . . .        (shield unavailable)
rNeg    . . .        (body armour unavailable)
rPois   .            (helmet unavailable)
rElec   .            (cloak unavailable)
rCorr   .            (gloves unavailable)
SInv    +            (boots unavailable)
Will    .....        (no amulet)
Stlth   ++           (no ring)
HPRegen 0.21/turn    (no ring)
MPRegen 0.09/turn

%: no passive effects
@: quick
A: very small, claws 1, fangs 3, see invisible, speed 1, shaggy fur 1, stealthy
paws, no weapons or thrown items, no armour, multi-lived
a: no special abilities


You were on level 1 of the Dungeon.
You visited 1 branch of the dungeon, and saw 1 of its levels.

You collected 16 gold pieces.

Inventory:

Potions
 a - a potion of magic
 b - a potion of degeneration {unknown}


   Skills:
 + Level 2.9 Dodging
 + Level 2.7 Stealth
 * Level 2.1 Spellcasting
 + Level 4.1 Summonings


You had 3 spell levels left.
You knew the following spells:

 Your Spells              Type           Power      Damage    Failure   Level
a - Summon Small Mammal   Summ           56%        N/A       3%          1

Your spell library contained the following spells:

 Spells                   Type           Power      Damage    Failure   Level
 Call Imp                 Summ           28%        N/A       5%          2
 Call Canine Familiar     Summ           14%        N/A       11%         3
 Summon Guardian Golem    Hex/Summ       8%         N/A       26%         3
 Summon Lightning Spire   Summ/Air       8%         N/A       65%         4


Dungeon Overview and Level Annotations

Branches:
Dungeon (1/15)

Altars:


Innate Abilities, Weirdness & Mutations

You have sharp claws.
You have razor-sharp teeth.
You have supernaturally acute eyesight. (SInv)
You cover ground quickly. (Speed+)
You are covered in fur. (AC +1)
Your paws help you pounce on unaware monsters.
You are incapable of wielding weapons or throwing items.
You cannot wear armour.
You gain extra lives every three experience levels.


Message History

Your bat hits the quokka. The quokka completely misses your bat.
Your bat hits the quokka. The quokka closely misses your bat.
Casting: Summon Small Mammal (safe; 3% risk of failure)
Confirm with . or Enter, or press ? or * to list all spells.
Your bat hits the quokka but does no damage.
Your bat barely misses the quokka.
Your bat barely misses the quokka.
The quokka closely misses your bat.
Your bat misses the quokka.
Your bat closely misses the quokka. x2
The quokka bites your bat but does no damage.
Your bat barely misses the quokka.
Your bat hits the quokka but does no damage.
Your bat closely misses the quokka. x2; The quokka barely misses your bat.
Your bat hits the quokka but does no damage.
Your bat barely misses the quokka.
Your bat closely misses the quokka. x2
The quokka closely misses you.
Your bat barely misses the quokka.
Your bat hits the quokka.
Your bat barely misses the quokka. x2; The quokka bites you.
You closely miss the quokka.
The quokka is heavily wounded.
Your bat misses the quokka.
Your bat closely misses the quokka.
The quokka misses you.
You closely miss the quokka. Your bite misses the quokka.
The quokka is heavily wounded.
Your bat misses the quokka. x2
The quokka twitches its whiskers.
The quokka barely misses you.
Your bat closely misses the quokka.
You miss the quokka.
The quokka is heavily wounded.
Your bat barely misses the quokka.
The quokka completely misses you.
You closely miss the quokka. You bite the quokka.
The quokka is almost dead.
Your bat hits the quokka but does no damage.
Your bat misses the quokka. The quokka closely misses you.
Your bat barely misses the quokka.
The quokka bites you.
You miss the quokka. Your bite misses the quokka.
The quokka is almost dead.
Your bat barely misses the quokka.
Your bat completely misses the quokka.
The quokka bites you.
Ouch! That really hurt!
You die...

∙∙∙▒▒▒▒▒∙▒▒▒▒▒▒▒▒▒▒▒▒∙▒▒∙∙
▒∙∙∙∙∙∙∙∙∙∙∙∙∙[∙▒▒▒▒▒∙▒▒▒∙
∙▒▒▒▒▒∙∙▒▒▒∙∙∙∙∙∙∙∙∙∙▒ ▒∙
▒∙∙▒▒∙▒▒▒∙▒▒∙∙∙∙∙∙∙∙
∙▒▒▒▒▒∙∙▒∙▒▒ ▒▒∙▒∙▒▒▒▒▒▒∙
∙∙∙∙∙∙∙∙∙▒▒ ▒▒∙∙▒ ▒∙
▒▒▒▒▒▒∙∙▒ ▒∙∙▒ ▒∙
▒▒▒▒▒▒b∙▒▒ ▒▒∙▒▒
∙∙∙∙∙∙∙rh∙▒▒ ▒▒∙▒▒
▒▒▒▒▒▒▒∙b∙∙▒▒▒∙▒▒▒▒▒▒▒
▒▒▒▒▒∙∙∙∙∙∙∙∙∙∙∙
▒▒∙▒∙∙▒▒▒▒▒▒ ▒∙▒∙∙▒▒▒▒▒
▒∙∙∙∙∙∙∙∙∙∙ ▒▒▒▒▒▒▒▒▒▒▒


You could see a quokka (ally target) and 2 friendly bats.

Vanquished Creatures
  An endoplasm (D:1)
1 creature vanquished.

Vanquished Creatures (collateral kills)
  2 giant cockroaches (D:1)
  A goblin (D:1)
  A bat (D:1)
4 creatures vanquished.

Grand Total: 5 creatures vanquished

Notes
Turn   | Place    | Note
-------+----------+-------------------------------------------
     0 | D:1      | Zeor the Felid Summoner began the quest for the Orb.
     0 | D:1      | Reached XP level 1. HP: 7/7 MP: 4/4
   212 | D:1      | Slain by a quokka

Illustrated notes

Levels and vault maps discovered:
D:1:      roderic_dead_forest, layout_loops_ring

Action                     || total
---------------------------++-------
  Melee: Unarmed           ||    23
         Bite              ||     2
   Cast: Summon Small Mamm ||    10
    Use: Scroll            ||     2
 Armour: Skin              ||     1
  Dodge: Dodged            ||    26
